cohdb
Replays
Latest Replays
All Replays
Popular Replays
Top Player Replays
Match Explorer
How It Works
Community
CoH3 Stats
Reddit
Sign in to upload your games and track your stats! →
Sign in with Steam
Match 19816336
Unlisted
Match 19816336
Overview
Messages
Build Orders
End
Panzergrenadier Squad
Panzergrenadier Squad
Construct Light Support Kompanie
MG34 Team
2.5-tonne Medical Truck
Selects Armored Support Battlegroup
Assault Grenadier Squad
Construct Mechanized Kompanie
Support Armor Elements
Panzerjäger Mechanized Group
Panzerpioneer Squad
2.5-tonne Medical Truck
Marder III Tank Destroyer
Veteran Squad Leaders
Panzerjäger Squad
Panzerpioneer Squad
Panzergrenadier Squad
AI Takeover
synThrax^DNB
Panzy Spliter
Imperates
MonoChrome
0
0
Comments
sign in to comment!
No comments posted yet!